 Dungeon Sprint DCSS version 0.18-a0-1784-ga939a68 (webtiles) character file.

173 Kidiri the Covered (level 5, 0/36 HPs)
             Began as a Gargoyle Fighter on Apr 18, 2016.
             Was an Initiate of Okawaru.
             Slain by a two-headed ogre
             ... wielding a +0 giant club
              (17 damage)
             ... in the Dungeon (Sprint IX: "|||||||||||||||||||||||||||||").
             The game lasted 00:01:50 (222 turns).

Kidiri the Covered (Gargoyle Fighter)                Turns: 222, Time: 00:01:51

Health: 0/36       AC: 17    Str: 20    XL:     5   Next: 53%
Magic:  7/7        EV:  8    Int: 12    God:    Okawaru [......]
Gold:   0          SH: 10    Dex:  9    Spells: 0 memorised, 4 levels left

rFire  . . .     SeeInvis .     q - +2 morningstar (crush)
rCold  . . .     Gourm    .     s - +1 chain mail
rNeg   + . .     Faith    .     c - +0 shield
rPois  ∞         Spirit   .     (no helmet)
rElec  +         Dismiss  .     r - +0 cloak
rCorr  .         Reflect  .     a - +0 pair of gloves
SustAt .         Harm     .     (no boots)
MR     .....     NoTele   +     (no amulet)
Stlth  ..........               t - +3 ring of intelligence
                                b - +2 ring of evasion

@: exhausted, slowed, very slow, not resistant to hostile enchantments,
extremely unstealthy
A: negative energy resistance 1, electricity resistance, unbreathing,
petrification resistance, rot immunity, AC +4
a: Renounce Religion


You were in the Dungeon.
You worshipped Okawaru.
Okawaru was noncommittal.
You were not hungry.

You visited 1 branch

Inventory:

Hand Weapons
 q - a +2 morningstar of crushing (weapon)
Armour
 a - a +0 pair of gloves (worn)
 c - a +0 shield (worn)
 r - a +0 cloak (worn)
 s - a +1 chain mail (worn)
Jewellery
 b - a +2 ring of evasion (left hand)
 t - a +3 ring of intelligence (right hand)
Wands
 p - a wand of lightning (7/15)
Scrolls
 k - 2 scrolls of blinking
 n - 3 scrolls of remove curse
 o - 2 scrolls of amnesia
Potions
 d - a potion of might
 e - 5 potions of curing
 g - a potion of heal wounds
 h - a potion of haste
 i - 4 potions of magic
 m - a potion of invisibility
Comestibles
 f - a bread ration
 l - 8 chunks of flesh


   Skills:
 * Level 6.2 Fighting
 * Level 5.2 Maces & Flails
 * Level 6.4 Armour
 + Level 2.6 Dodging
 * Level 6.2 Shields
 + Level 2.8 Invocations


You had 4 spell levels left.
You didn't know any spells.

Dungeon Overview and Level Annotations

Branches:
Dungeon (1/1)

Altars:
Cheibriados
Dithmenos
Elyvilon
Fedhas
Gozag
Kikubaaqudgha
Makhleb
Nemelex Xobeh
Okawaru
Pakellas
Qazlal
Ru
Sif Muna
Trog
Vehumet
Xom
Yredelemnul
Zin
The Shining One
Beogh
Jiyva
Lugonu


Innate Abilities, Weirdness & Mutations

You are resistant to torment.
Your stone body is resilient (AC +4).
You are immune to poison.
You resist negative energy.
You are resistant to electric shocks.
You can survive without breathing.
You are immune to petrification.
You are immune to rotting.


Message History

Okawaru accepts your kill. The two-headed ogre closely misses you.
The two-headed ogre hits you with a giant spiked club.
Unknown command.
The crimson imp blinks!
You see here a +0 scale mail.
You block the two-headed ogre's attack. The two-headed ogre closely misses you.
Items here: ))))))
The two-headed ogre closely misses you.
The two-headed ogre hits you with a giant spiked club!
You see here an uncursed staff of energy.
The crimson imp blinks!
The two-headed ogre hits you with a giant club.
The two-headed ogre barely misses you.
Some of the chunks of flesh in your inventory have rotted away.
There is an open door here.
There is an oddly glowing altar of Pakellas here.
There is a sacrificial altar of Ru here.
The two-headed ogre hits you with a giant club!
You die...

▓.▓
▓)▓
▓|▓
▓.▓
▓.▓
▓'▓
▓Z▓
▓O▓
▓@▓
▓_▓
▓_▓
▓_▓
▓_▓
▓_▓
▓_▓
▓_▓
▓_▓


You could see a two-headed ogre and a jackal skeleton.

Vanquished Creatures
  An orc warrior (D)
  A killer bee (D)
  A gnoll (D)
  2 adders (D)
  A giant gecko (D)
  An orc (D)
  A kobold (D)
  3 bats (D)
  A giant gecko zombie (D)
  A giant newt (D)
13 creatures vanquished.

Notes
Turn   | Place    | Note
--------------------------------------------------------------
     0 | D        | Kidiri the Gargoyle Fighter began the quest for the Orb.
     0 | D        | Reached XP level 1. HP: 14/14 MP: 1/1
    44 | D        | Reached XP level 2. HP: 18/20 MP: 2/2
    60 | D        | Reached skill level 1 in Dodging
    65 | D        | Reached XP level 3. HP: 14/24 MP: 3/3
    76 | D        | Found a glowing silver altar of Zin.
    76 | D        | Found a glowing golden altar of the Shining One.
    76 | D        | Found an ancient bone altar of Kikubaaqudgha.
    76 | D        | Found a basalt altar of Yredelemnul.
    76 | D        | Found a shimmering altar of Xom.
    76 | D        | Found a radiant altar of Vehumet.
    77 | D        | Found an iron altar of Okawaru.
    78 | D        | Found a burning altar of Makhleb.
    79 | D        | Found a deep blue altar of Sif Muna.
    80 | D        | Found a bloodstained altar of Trog.
    81 | D        | Found a sparkling altar of Nemelex Xobeh.
    82 | D        | Found a white marble altar of Elyvilon.
    83 | D        | Found a roughly hewn altar of Beogh.
    84 | D        | Found a viscous altar of Jiyva.
    85 | D        | Became a worshipper of Warmaster Okawaru
    86 | D        | Found a corrupted altar of Lugonu.
    87 | D        | Found a blossoming altar of Fedhas.
    88 | D        | Found a snail-covered altar of Cheibriados.
    89 | D        | Found a shadowy altar of Dithmenos.
    90 | D        | Found a stormy altar of Qazlal.
    91 | D        | Found an opulent altar of Gozag.
    92 | D        | Found a sacrificial altar of Ru.
    93 | D        | Found an oddly glowing altar of Pakellas.
   184 | D        | Noticed a two-headed ogre
   184 | D        | Noticed an orc warrior
   184 | D        | Noticed a killer bee
   195 | D        | Killed a killer bee
   195 | D        | Reached skill level 5 in Fighting
   195 | D        | Reached skill level 5 in Armour
   195 | D        | Reached skill level 5 in Shields
   195 | D        | Reached skill level 1 in Invocations
   195 | D        | Reached XP level 4. HP: 31/31 MP: 4/4
   203 | D        | Killed an orc warrior
   203 | D        | Reached skill level 5 in Maces & Flails
   203 | D        | Reached XP level 5. HP: 12/36 MP: 4/6
   222 | D        | Slain by a two-headed ogre

Vault maps used:
D:        linesprint

Skill      XL: |  1  2  3  4 |
---------------+-------------+-----
Armour         | 4 5 6 |  6.4
Fighting       | 4 5 6 |  6.2
Maces & Flails | 3 4 5 |  5.2
Dodging        | 1 2 |  2.6
Shields        | 4 5 6 |  6.2
Invocations    | 1 2 |  2.8

Action                   |  1- 3 |  4- 6 || total
-------------------------+-------+-------++-------
Melee: Flail             |    40 |       ||    40
       Morningstar       |     8 |    13 ||    21
  Use: Potion            |     2 |     1 ||     3
Armor: Scale mail        |    26 |       ||    26
       Chain mail        |    14 |     9 ||    23
Dodge: Dodged            |    13 |    11 ||    24
Block: Shield            |    31 |     8 ||    39
